 Dungeon Crawl Stone Soup version 0.23-a0-175-g97aacdb (webtiles) character file.

3690 wwer the Cleaver (level 9, -2/80 HPs)
             Began as a White Draconian Fighter on Sept 17, 2018.
             Was a Priest of Trog.
             Killed from afar by an electric eel (13 damage)
             ... with a bolt of electricity
             ... on level 9 of the Dungeon.
             The game lasted 00:12:18 (10035 turns).

wwer the Cleaver (White Draconian Fighter)         Turns: 10035, Time: 00:12:19

Health: -2/80      AC: 10    Str: 24    XL:     9   Next: 90%
Magic:  0/9        EV: 12    Int:  8    God:    Trog [***...]
Gold:   206        SH: 11    Dex: 15    Spells: 8/8 levels left

rFire    + + .     SeeInvis .   Y - +1 war axe
rCold    + + .     Gourm    .   b - +0 shield
rNeg     . . .     Faith    .   (armour unavailable)
rPois    .         Spirit   +   (helmet restricted)
rElec    .         Reflect  .   f - scarf {rC+ rF+}
rCorr    .         Harm     .   o - +1 pair of gloves {Str+3}
MR       .....                  j - +0 pair of boots
Stlth    +.........             g - amulet of guardian spirit
HPRegen  0.23/turn              v - ring of protection from fire
MPRegen  0.11/turn              n - +3 ring of strength

@: berserk cooldown, slowed, very slow
A: breathe frost, unfitting armour, cold resistance 1, cold-blooded, AC +7
a: Breathe Frost, Berserk, Trog's Hand, Renounce Religion


You were on level 9 of the Dungeon.
You worshipped Trog.
Trog was most pleased with you.
You were not hungry.

You visited 2 branches of the dungeon, and saw 10 of its levels.

You collected 371 gold pieces.
You spent 165 gold pieces at shops.


Innate Abilities, Weirdness & Mutations

You can breathe waves of freezing cold.
You can buffet flying creatures when you breathe cold.
Your icy white scales are hard. (AC +7)
You cannot fit into any form of body armour.
Your flesh is cold resistant. (rC+)
You are cold-blooded and may be slowed by cold attacks.


   Skills:
 + Level 7.7 Fighting
 - Level 11.1 Axes
 - Level 4.1 Dodging
 - Level 6.2 Shields


You had 8 spell levels left.
You didn't know any spells.
Your spell library was empty.

Inventory:

Hand Weapons
 k - a +0 morningstar
 Y - a +1 war axe (weapon)
Missiles
 w - 5 tomahawks (quivered)
Armour
 b - a +0 shield (worn)
 f - a scarf of resistance (worn)
 j - a +0 pair of boots (worn)
 o - a +1 pair of gloves of strength (worn)
Jewellery
 g - an amulet of guardian spirit (around neck)
 n - a +3 ring of strength (right hand)
 v - a ring of protection from fire (left hand)
Wands
 u - a wand of digging (14)
Scrolls
 l - a scroll of identify
 q - a scroll of remove curse
Potions
 a - 2 potions of haste
 c - 2 potions of might
 d - 4 potions of curing
 i - a potion of mutation
 s - a potion of degeneration {unknown}
 t - a potion of magic {unknown}
Comestibles
 e - 12 rations

Dungeon Overview and Level Annotations

Branches:
Dungeon (9/15)             Temple (1/1) D:4
   Lair: D:8-11         Orc: D:9-12

Altars:
Ashenzari
Cheibriados
Dithmenos
Elyvilon
Fedhas
Gozag
Hepliaklqana
Kikubaaqudgha
Makhleb
Nemelex Xobeh
Okawaru
Qazlal
Ru
Sif Muna
Trog
Uskayaw
Vehumet
Wu Jian
Xom
Yredelemnul
Zin
The Shining One

Shops:
D:6 !

Annotations:
D:3 2 transporters, Ijustatesigmund's ghost, weakling OpGl


Message History

The bolt of electricity misses you.
The electric eel shoots out a bolt of lightning at you!
The bolt of electricity hits you!
10034 ||| DRINKING potion of heal wounds.
You feel much better.
An electric eel comes into view.
An orc comes into view.
The electric eel shoots out a bolt of lightning at you!
The bolt of electricity hits you!
The electric eel shoots out a bolt of lightning at you!
The bolt of electricity hits you!
The electric eel shoots out a bolt of lightning at you!
The bolt of electricity hits you!
The orc drinks a potion.
The orc seems to speed up.
The electric eel moves out of view.
You hear a shout! x2
The orc throws a stone.
The stone hits you.
The electric eel shoots out a bolt of lightning at you!
The bolt of electricity hits you!
The electric eel shoots out a bolt of lightning at you!
The bolt of electricity hits you!
You die...

#.....#...#
#.#
####%##...#
#.# #.##..h#
#.#
#)##...#.#.#
#.##...#.#..
#..'...'.###
#.........).
#.....~.....
#...@.;~~..~
#..).;~~~~~~
##..~~~~~~~~
#.....~~~~.
#..;~~~~~..
#..........
#..~~~~~~..
#.o~~~~~~~~


You could see a wolf (wandering), 3 electric eels and an orc.

Vanquished Creatures
  A hornet (D:9)
  A hungry ghost (D:9)
  Duvessa (D:4)
  3 ice beasts
  A sky beast (D:5)
  4 orc warriors
  5 ogres
  A necrophage (D:8)
  2 phantoms (D:7)
  A centaur (D:8)
  2 wolves (D:9)
  4 bullfrogs
  Dowan (D:4)
  A bullfrog zombie (D:6)
  A quasit (D:7)
  5 hounds
  7 orc priests
  9 orc wizards
  2 bullfrog skeletons
  2 iguanas
  5 worker ants
  3 hound skeletons
  5 adders
  7 gnolls
  A howler monkey skeleton (D:4)
  A shadow imp (D:8)
  2 oozes
  2 adder zombies
  5 adder skeletons
  2 worms
  2 dart slugs
  7 leopard geckos
  45 orcs
  2 ball pythons
  5 bats
  5 giant cockroaches
  9 hobgoblins
  4 jackals (D:5)
  4 quokkas
  4 frilled lizards
  11 goblins
  A jackal skeleton (D:5)
  6 kobolds
  A leopard gecko skeleton (D:6)
  9 rats
202 creatures vanquished.

Vanquished Creatures (others)
  A scorpion (D:4)
  A worm (D:4)
  A leopard gecko (D:4)
3 creatures vanquished.

Grand Total: 205 creatures vanquished

Notes
Turn   | Place    | Note
-------+----------+-------------------------------------------
     0 | D:1      | wwer the Draconian Fighter began the quest for the Orb.
     0 | D:1      | Reached XP level 1. HP: 19/19 MP: 1/1
     0 | D:1      | 0 ||| counter = 1
   190 | D:1      | Reached XP level 2. HP: 15/26 MP: 2/2
   390 | D:1      | Reached skill level 3 in Axes
   734 | D:1      | 734 ||| READING scroll labeled RAATYU RUGROU.
   735 | D:1      | 735 ||| READING scroll labeled HADUAFE KEELOI.
   736 | D:1      | 736 ||| READING 2 scrolls labeled EVODOET HAGER.
   737 | D:1      | 737 ||| DRINKING 2 fuming red potions.
   738 | D:1      | 738 ||| READING scroll of identify.
   738 | D:1      | 738 ||| IDENTIFYING dented lapis lazuli amulet
   739 | D:1      | 739 ||| UPGRADING to amulet of guardian spirit.
   969 | D:2      | Reached XP level 3. HP: 22/31 MP: 3/3
  1252 | D:2      | Reached skill level 4 in Axes
  1476 | D:2      | Reached XP level 4. HP: 23/38 MP: 1/4
  1614 | D:2      | 1614 ||| DROPPING club.
  1991 | D:2      | 1991 ||| READING 2 scrolls labeled ESMIXO LUUCW.
  1992 | D:2      | 1992 ||| DROPPING scroll of magic mapping.
  2141 | D:3      | Noticed Ijustatesigmund's ghost (weakling OpGl)
  2143 | D:3      | Found a transporter.
  2165 | D:3      | Found a transporter.
  2229 | D:3      | 2229 ||| STAIRDANCE
  2300 | D:2      | 2300 ||| READING scroll labeled MIOFOU JULY.
  2301 | D:2      | 2301 ||| READING scroll labeled TESCHU COUDDIEST.
  2306 | D:2      | 2306 ||| DRINKING 2 viscous blue potions.
  2346 | D:2      | 2346 ||| READING scroll of identify.
  2346 | D:2      | 2346 ||| IDENTIFYING lumpy bronze amulet
  2347 | D:2      | 2347 ||| DROPPING amulet of harm.
  2348 | D:2      | 2348 ||| DROPPING potion of lignification.
  2364 | D:3      | 2364 ||| STAIRDANCE
  2369 | D:2      | Reached skill level 5 in Axes
  2388 | D:2      | 2388 ||| DROPPING mace.
  2392 | D:3      | 2392 ||| STAIRDANCE
  2400 | D:2      | 2400 ||| DROPPING flail.
  2628 | D:3      | Reached XP level 5. HP: 40/45 MP: 5/5
  3316 | D:3      | 3316 ||| READING scroll of identify.
  3316 | D:3      | 3316 ||| IDENTIFYING small bronze ring
  3317 | D:3      | 3317 ||| UPGRADING to ring of protection from fire.
  3341 | D:4      | Noticed Duvessa
  3342 | D:4      | Noticed Dowan
  3353 | D:4      | Killed Duvessa
  3353 | D:4      | Reached skill level 6 in Axes
  3353 | D:4      | Reached XP level 6. HP: 50/51 MP: 4/6
  3362 | D:4      | Killed Dowan
  3533 | D:4      | Found a staircase to the Ecumenical Temple.
  3542 | Temple   | Entered the Ecumenical Temple
  3543 | Temple   | 3543 ||| Entered T.
  3582 | Temple   | Became a worshipper of Trog the Wrathful
  3694 | Temple   | 3694 ||| READING scroll labeled SEIWAUHOLY.
  3835 | D:4      | 3835 ||| DROPPING flail of draining.
  4127 | D:4      | Found a shimmering altar of Xom.
  4209 | D:4      | 4209 ||| READING 2 scrolls of identify.
  4209 | D:4      | 4209 ||| IDENTIFYING gluggy blue potion
  4260 | D:5      | Entered Level 5 of the Dungeon
  4269 | D:5      | Reached skill level 7 in Axes
  4493 | D:5      | Noticed an ice beast
  4504 | D:5      | 4504 ||| READING scroll of teleportation.
  4770 | D:5      | Your scales start taking on an icy white colour.
  4770 | D:5      | Reached XP level 7. HP: 59/59 MP: 7/7
  4770 | D:5      | Gained mutation: Your flesh is cold resistant. (rC+) [White
                  | Draconian growth]
  4966 | D:5      | Reached skill level 8 in Axes
  5059 | D:5      | Reached * piety under Trog
  5167 | D:5      | 5167 ||| UPGRADING to morningstar.
  5168 | D:5      | 5168 ||| SWAPPING to +0 war axe.
  5320 | D:5      | 5320 ||| UPGRADING to embroidered scarf.
  5325 | D:5      | 5325 ||| READING scroll labeled SIOL YXAUDE.
  5349 | D:5      | 5349 ||| READING 3 scrolls of identify.
  5349 | D:5      | 5349 ||| IDENTIFYING brass ring
  5350 | D:5      | 5350 ||| UPGRADING to +3 ring of strength.
  5351 | D:5      | 5351 ||| READING 2 scrolls of identify.
  5351 | D:5      | 5351 ||| IDENTIFYING fuming cyan potion
  5352 | D:5      | 5352 ||| DROPPING potion of brilliance.
  5373 | D:6      | 5373 ||| STAIRDANCE
  5383 | D:6      | 5383 ||| STAIRDANCE
  5388 | D:6      | 5388 ||| STAIRDANCE
  5390 | D:5      | 5390 ||| INVOKING Berserk.
  5514 | D:6      | 5514 ||| STAIRDANCE
  5576 | D:6      | 5576 ||| STAIRDANCE
  5602 | D:6      | Reached XP level 8. HP: 63/67 MP: 6/8
  5716 | D:6      | 5716 ||| STAIRDANCE
  5933 | D:6      | 5933 ||| INVOKING Berserk.
  6041 | D:6      | Found Emeix's Distillery.
  6060 | D:6      | Bought a potion of haste for 110 gold pieces
  6060 | D:6      | Bought a potion of heal wounds for 55 gold pieces
  6060 | D:6      | 6060 ||| SHOPLISTING potion of curing (33 gold, have 21).
  6111 | D:6      | Got a faintly humming cloak
  6313 | D:6      | Reached ** piety under Trog
  6313 | D:6      | Reached skill level 9 in Axes
  6370 | D:6      | Found a shimmering altar of Xom.
  6489 | D:6      | 6489 ||| INVOKING Berserk.
  6586 | D:6      | 6586 ||| EATING 10 rations.
  6800 | D:6      | Reached skill level 6 in Fighting
  6865 | D:6      | 6865 ||| UPGRADING to pair of boots.
  6870 | D:6      | 6870 ||| UPGRADING to pair of embroidered gloves.
  6875 | D:6      | 6875 ||| UPGRADING to faintly humming cloak.
  6885 | D:6      | Identified the -6 cloak of Bitterness {-Tele rPois rC++
                  | Str+2} (You found it on level 6 of the Dungeon)
  6885 | D:6      | 6885 ||| UPGRADING to scarf of resistance.
  6895 | D:6      | 6895 ||| DROPPING -6 cloak of Bitterness {-Tele rPois rC++
                  | Str+2}.
  6896 | D:6      | 6896 ||| READING scroll labeled DOWOUZ ZIUTREOSI.
  6897 | D:6      | 6897 ||| READING scroll labeled JILATA JIMUFAPN.
  7066 | D:7      | Reached skill level 3 in Dodging
  7304 | D:7      | 7304 ||| INVOKING Berserk.
  7343 | D:7      | 7343 ||| EATING 11 rations.
  7678 | D:7      | Reached skill level 10 in Axes
  7678 | D:7      | Reached XP level 9. HP: 75/75 MP: 9/9
  7749 | D:7      | 7749 ||| INVOKING Berserk.
  7949 | D:7      | 7949 ||| INVOKING Berserk.
  8100 | D:7      | 8100 ||| UPGRADING to thick brass amulet.
  8102 | D:7      | 8102 ||| REMOVING amulet of the acrobat.
  8103 | D:7      | 8103 ||| UPGRADING to amulet of guardian spirit.
  8104 | D:7      | 8104 ||| DROPPING amulet of the acrobat.
  8105 | D:7      | 8105 ||| READING 2 scrolls of identify.
  8105 | D:7      | 8105 ||| IDENTIFYING bubbling pink potion
  8106 | D:7      | 8106 ||| DROPPING wand of paralysis (9).
  8107 | D:7      | 8107 ||| DROPPING potion of invisibility.
  8164 | D:8      | Found a basalt altar of Yredelemnul.
  8182 | D:8      | 8182 ||| INVOKING Berserk.
  8188 | D:8      | Reached *** piety under Trog
  8304 | D:8      | 8304 ||| INVOKING Berserk.
  8682 | D:8      | 8682 ||| INVOKING Berserk.
  8693 | D:8      | Reached skill level 6 in Shields
  8715 | D:8      | 8715 ||| EATING 15 rations.
  8842 | D:8      | 8842 ||| INVOKING Berserk.
  9400 | D:8      | 9400 ||| UPGRADING to small blue amulet.
  9402 | D:8      | 9402 ||| REMOVING amulet of the gourmand.
  9403 | D:8      | 9403 ||| UPGRADING to amulet of guardian spirit.
  9404 | D:8      | 9404 ||| DROPPING amulet of the gourmand.
  9405 | D:8      | 9405 ||| UPGRADING to peridot ring.
  9407 | D:8      | 9407 ||| READING 3 scrolls of remove curse.
  9408 | D:8      | 9408 ||| REMOVING -3 ring of evasion.
  9409 | D:8      | 9409 ||| DROPPING -3 ring of evasion.
  9410 | D:8      | 9410 ||| UPGRADING to ruby ring.
  9411 | D:8      | 9411 ||| READING 2 scrolls of remove curse.
  9412 | D:8      | 9412 ||| REMOVING -3 ring of protection.
  9413 | D:8      | 9413 ||| DROPPING -3 ring of protection.
  9414 | D:8      | 9414 ||| UPGRADING to ring of protection from fire.
  9415 | D:8      | 9415 ||| READING scroll labeled EPU GELYPLO.
  9416 | D:8      | 9416 ||| READING scroll labeled FYOBEOTENN.
  9435 | D:9      | 9435 ||| EATING 14 rations.
  9509 | D:9      | Paralysed by a hornet for 3 turns
  9513 | D:9      | 9513 ||| INVOKING Berserk.
  9514 | D:9      | HP: 26/118 [hornet (12)]
  9515 | D:9      | Reached skill level 11 in Axes
  9520 | D:9      | HP: 16/79 [poisoned by a hornet]
  9526 | D:9      | HP: 15/79 [poisoned by a hornet]
  9532 | D:9      | HP: 16/79 [poisoned by a hornet]
  9576 | D:9      | 9576 ||| INVOKING Berserk.
  9724 | D:9      | 9724 ||| EATING 13 rations.
 10006 | D:9      | 10006 ||| INVOKING Berserk.
 10030 | D:9      | HP: 11/79 [electric eel/bolt of electricity (10)]
 10031 | D:9      | 10031 ||| DRINKING 2 potions of heal wounds.
 10034 | D:9      | 10034 ||| DRINKING potion of heal wounds.
 10035 | D:9      | HP: 13/80 [orc/stone (2)]
 10035 | D:9      | Killed from afar by an electric eel

Vault maps used:
D:1:      evilmike_arrival_crescent
D:2:      first_ration
D:3:      gammafunk_ghost_arena, kennysheep_generic_room_10
D:4:      minmay_temple_entry_crystal_x, hangedman_abyss_or_decor_lesser_grid,
          xom_confusion_cloud, uniq_duvessa
D:5:      moated_statue, minmay_stone_trees_medium
D:6:      marbit_many_paths, serial_shops, shop_statue
D:7:      grunt_ogre_cave
D:8:      lemuel_crystal_altar
D:9:      erik_lair_island, dk_noncrumbling_3
Temple:   regret_index_temple_chain_breaker

Skill      XL: |  1  2  3  4  5  6  7  8  9 |
---------------+----------------------------+-----
Axes           | 3 4 5 6 7 8 10 11 | 11.1
Fighting       | 4 6 7 |  7.7
Shields        | 4 5 6 |  6.2
Dodging        | 3 4 |  4.1

Action                   |  1- 3 |  4- 6 |  7- 9 || total
-------------------------+-------+-------+-------++-------
Melee: War axe           |   111 |   207 |   350 ||   668
       Tailslap          |     5 |    18 |    45 ||    68
Throw: Tomahawk          |       |       |    61 ||    61
Invok: Berserk           |       |       |    13 ||    13
  Use: Scroll            |     4 |     8 |    10 ||    22
       Potion            |     1 |     1 |     2 ||     4
 Stab: Sleeping          |       |       |     2 ||     2
       Distracted        |       |       |     2 ||     2
  Eat: Chunk             |     2 |    11 |    14 ||    27
       Ration            |       |       |     5 ||     5
Armor: Skin              |    34 |    41 |    78 ||   153
Dodge: Dodged            |    49 |    74 |   138 ||   261
Block: Shield            |    45 |    91 |   123 ||   259

Table legend:
 A = Non-vault XP
 B = Vault XP
 C = Vault XP percentage of total XP
 D = Non-vault monster count
 E = Vault monster count
 F = Vault count percentage of total count
                 A         B        C        D         E       F
            +---------+---------+-------+---------+---------+-------
      Total |    4547 |     725 |  13.8 |     192 |      10 |   5.0
            +---------+---------+-------+---------+---------+-------
        D:1 |      34 |       0 |   0.0 |      19 |       0 |   0.0
        D:2 |     131 |       0 |   0.0 |      30 |       0 |   0.0
        D:3 |      91 |       2 |   2.2 |      21 |       1 |   4.5
        D:4 |      24 |     240 |  90.9 |       8 |       3 |  27.3
        D:5 |     876 |       0 |   0.0 |      28 |       0 |   0.0
        D:6 |     657 |      33 |   4.8 |      26 |       1 |   3.7
        D:7 |     889 |     122 |  12.1 |      23 |       1 |   4.2
        D:8 |    1020 |       0 |   0.0 |      29 |       0 |   0.0
        D:9 |     825 |     328 |  28.4 |       8 |       4 |  33.3
            +---------+---------+-------+---------+---------+-------
